cohdb
Replays
Latest Replays
All Replays
Popular Replays
Top Player Replays
Match Explorer
How It Works
Community
CoH3 Stats
Reddit
Sign in to upload your games and track your stats! →
Sign in with Steam
Match 42846402
Unlisted
Match 42846402
Overview
Messages
Build Orders
End
Engineer Squad
Construct Barracks
Riflemen Squad
Riflemen Squad
M1 Mortar Team
Scout Squad
Construct Medical Station
Riflemen Squad
Construct Medical Station
M1 Mortar Team
Air Support Center
P-47 Strafing Run
Construct Motor Pool
P-47 Dive Bomb
P-47 Strafing Run
Grasshopper Recon Run
M24 Chaffee Light Tank
M1 Anti-tank Gun Team
P-47 Dive Bomb
P-47 Strafing Run
M1 Anti-tank Gun Team
P-47 Strafing Run
M24 Chaffee Light Tank
Riflemen Squad
P-47 Strafing Run
Selects Armored Battlegroup
Selects Veteran Crews
Selects Strength in Steel
Selects M8 Scott SPG
M8 Scott SPG
P-47 Dive Bomb
P-47 Strafing Run
XuZhongwei
evo088
0
0
Comments
sign in to comment!
No comments posted yet!